 Dungeon Crawl Stone Soup version 0.31-a0-1134-gb247575874 (webtiles) character file.

Game seed: 806658434165342603

133 kae the Sneak (level 4, -2/32 HPs)
             Began as a Demonspawn Enchanter on Dec 5, 2023.
             Slain by a cerulean imp
             ... wielding a +2 spear
             ... summoned by Natasha
              (3 damage)
             ... on level 2 of the Dungeon.
             The game lasted 00:01:31 (1565 turns).

kae the Sneak (Demonspawn Enchanter)                Turns: 1565, Time: 00:01:31

Health: -2/32      AC:  3    Str:  8    XL:     4   Next: 93%
Magic:  3/7        EV: 12    Int: 16    God:
Gold:   49         SH:  4    Dex: 15    Spells: 2/7 levels left

rFire   . . .        a - +1 dagger
rCold   . . .        (no shield)
rNeg    . . .        b - +1 robe
rPois   .            (no helmet)
rElec   .            (no cloak)
rCorr   .            (no gloves)
SInv    .            (no boots)
Will    .....        (no amulet)
Stlth   ++           (no ring)
HPRegen 0.25/turn    (no ring)
MPRegen 0.10/turn

%: no passive effects
@: very slightly contaminated, slowed, very slow
A: large bone plates 1
a: no special abilities


You were on level 2 of the Dungeon.
You visited 1 branch of the dungeon, and saw 2 of its levels.

You collected 49 gold pieces.


Innate Abilities, Weirdness & Mutations

You are partially covered in large bone plates. (SH +4)


   Skills:
 + Level 1.3 Fighting
 * Level 2.2 Short Blades
 - Level 1.7 Dodging
 * Level 3.6 Stealth
 + Level 2.4 Spellcasting
 + Level 3.3 Hexes
 + Level 1.1 Ice Magic


You had 2 spell levels left.
You knew the following spells:

 Your Spells              Type           Power      Damage    Failure   Level
a - Ensorcelled Hibernat  Hex/Ice        18%        N/A       12%         2
b - Confusing Touch       Hex            12%        N/A       16%         3

Your spell library contained the following spells:

 Spells                   Type           Power      Damage    Failure   Level
 Apportation              Tloc           2%         N/A       21%         1
 Necrotise                Necr           4%         1d4       21%         1
 Summon Small Mammal      Summ           4%         N/A       21%         1
 Static Discharge         Conj/Air       2%         3-4/arc   30%         2
 Tukima's Dance           Hex            12%        N/A       16%         3
 Dazzling Flash           Conj/Hex       14%        N/A       30%         3
 Airstrike                Air            0%         2d(1-17)  89%         4
 Summon Lightning Spire   Summ/Air       1%         N/A       89%         4

Inventory:

Hand Weapons
 a - a +1 dagger (weapon)
Missiles
 d - 3 poisoned darts
 e - 22 stones
 n - 4 boomerangs
Armour
 b - a +1 robe (worn)
Scrolls
 h - 2 scrolls of vulnerability {!r!r}
 j - a scroll of poison {unknown}
 k - a scroll of amnesia {unknown}
 l - a scroll of enchant armour
 o - a scroll of enchant weapon {unknown}
Potions
 c - 2 potions of invisibility
 f - a potion of berserk rage {!q}
 g - 5 potions of lignification {!q}
 i - a potion of curing {@q1}
 m - a potion of attraction {unknown}

Dungeon Overview and Level Annotations

Branches:
Dungeon (2/15) Zot: 10429

Altars:

Annotations:
D:2 Natasha

### #.##############
..........>....######...
...####.#.##.#..@h......
.#.####.#....#.)5####.>.
.#...##.#..#####.#
####.##.##...# ..#
.#...##.####.# ###
.#.####.# ... ...# #..
..# ##.### ...# .....#
...#


You could see Natasha and a cerulean imp (summoned).


Message History

n - 4 boomerangs
e - 22 stones (gained 8)
o - a scroll labelled EPOANI ZAYCWIO No target in view!
No target in view!
You now have 38 gold pieces (gained 2).
A bat comes into view.
A bat is nearby!
A bat is nearby!
A bat is nearby!
You block the bat's attack.
You hit the bat. You block the bat's attack.
The bat hits you but does no damage.
A bat is nearby!
You hit the bat but do no damage. You block the bat's attack.
You hit the bat.
You kill the bat!
No target in view!
No target in view!
Found a stone staircase leading down.
Key pressed, stopping explore.
No target in view!
No target in view!
You now have 49 gold pieces (gained 11).
A goblin comes into view. It is wielding a +0 club.
A goblin is nearby!
Natasha, Servant of Life and Death comes into view.
The goblin barely misses you.
You hit the goblin.
Natasha hisses angrily.
The goblin barely misses you.
You closely miss the goblin. Your punch misses the goblin.
The goblin hits you with a +0 club. Natasha casts a spell at you.
You feel yourself slow down. 😕 HP[-3]
You take 3 damage, and now have 29/32 hp.
You hit the goblin.
You kill the goblin! 😕 HP[+1] Natasha casts a spell at you.
The magic dart hits you.
Things that are here:
a +0 club; a goblin corpse; 😕 HP[-1]
You take 1 damage, and now have 29/32 hp.
Found a stone staircase leading down.
Natasha mumbles some strange words. 😕 HP[+1]
Casting: Confusing Touch (quite dangerous; 16% risk of failure)
Confirm with . or Enter, or press ? or * to list all spells.
Aiming: Ensorcelled Hibernation (safe; 12% risk of failure)
Press: ? - help, Shift-Dir - straight line, f - Natasha
Aim: Natasha (chance to affect: 43%)
You miscast Ensorcelled Hibernation.
You are very lightly contaminated with residual magic.
Nothing appears to happen.
Natasha casts a spell at you. The magic dart hits you.
The cerulean imp hits you with a +2 spear. 😮 HP[-9] MP[-2]
You take 9 damage, and now have 21/32 hp.
MASSIVE DAMAGE!! (PAUSE)
You lost 2 mp, and now have 5/7 mp.
Casting: Ensorcelled Hibernation (safe; 12% risk of failure)
Confirm with . or Enter, or press ? or * to list all spells.
Aiming: Ensorcelled Hibernation (safe; 12% risk of failure)
Press: ? - help, Shift-Dir - straight line, f/p - Natasha
Aim: Natasha (chance to affect: 43%) Natasha looks drowsy...
You block the cerulean imp's attack.
The cerulean imp hits you with a +2 spear. 😮 HP[-3] MP[-2]
You take 3 damage, and now have 18/32 hp.
You lost 2 mp, and now have 3/7 mp.
Unknown command.
The helpless Natasha fails to defend herself.
You puncture Natasha! You block Natasha's attack.
The cerulean imp hits you with a +2 spear.
Unknown command.
You barely miss Natasha.
Natasha hisses.
Natasha closely misses you.
The cerulean imp hits you with a +2 spear.
* * * LOW HITPOINT WARNING * * *
Natasha stares at you and mumbles some strange words.
You resist with some effort. 😨 HP[-6]
You take 6 damage, and now have 12/32 hp.
You barely miss Natasha. The cerulean imp closely misses you.
Natasha claws you.
* * * LOW HITPOINT WARNING * * *
You block the cerulean imp's attack.
Unknown command. 😱 HP[-5]
You take 5 damage, and now have 7/32 hp.
You hit Natasha but do no damage.
Natasha stares at you and mumbles some strange words.
The magic dart hits you!
* * * LOW HITPOINT WARNING * * *
The cerulean imp hits you with a +2 spear.
You die...

Skill      XL: |  1  2  3 |
---------------+----------+-----
Short Blades   | 1 2 |  2.2
Stealth        | 3 |  3.6
Fighting       | 1 |  1.3
Ice Magic      | 1 |  1.1
Dodging        | |  1.7
Spellcasting   | |  2.4
Hexes          | |  3.3

Action                     |  1- 3 |  4- 6 || total
---------------------------+-------+-------++-------
  Melee: Dagger            |   127 |    15 ||   142
         Punch             |     1 |       ||     1
   Cast: Ensorcelled Hiber |     5 |     1 ||     6
         Confusing Touch   |     1 |       ||     1
    Use: Scroll            |     4 |       ||     4
         Potion            |     1 |       ||     1
   Stab: Sleeping          |     7 |     1 ||     8
         Confused          |     2 |       ||     2
 Armour: Robe              |    49 |    11 ||    60
  Dodge: Dodged            |    66 |     7 ||    73
  Block: Other             |    14 |     6 ||    20

Levels and vault maps discovered:
D:1:      minmay_arrival_doors, layout_loops_ring, st_stairs_12,
          solitary_fountain, chequers_serial_rivers_large_a
D:2:      layout_loops_corners, minmay_lizard_king, uniq_natasha

Notes
Turn   | Place    | Note
-------+----------+-------------------------------------------
     0 | D:1      | kae the Demonspawn Enchanter began the quest for the Orb.
     0 | D:1      | Reached XP level 1. HP: 13/13 MP: 3/3
     0 | D:1      | magus.rc [v1.11.3]
    67 | D:1      | You pick up a book of Cantrips and begin reading...
    67 | D:1      | You add the spells Necrotise, Summon Small Mammal and
                  | Apportation to your library.
   121 | D:1      | Reached skill level 1 in Short Blades
   283 | D:1      | HP: 2/14 [quokka (3)]
   287 | D:1      | Gained mutation: You are partially covered in large bone
                  | plates. (SH +4) [demonic ancestry]
   287 | D:1      | Reached XP level 2. HP: 4/20 MP: 5/5
   291 | D:1      | Learned a level 2 spell: Ensorcelled Hibernation
   593 | D:1      | Reached skill level 3 in Stealth
   931 | D:2      | HP: 4/20 [poisoned by an adder]
   933 | D:2      | Reached XP level 3. HP: 3/25 MP: 1/6
  1031 | D:2      | You pick up a book of Storms and begin reading...
  1031 | D:2      | You add the spells Static Discharge, Airstrike and Summon
                  | Lightning Spire to your library.
  1288 | D:2      | Reached skill level 1 in Fighting
  1312 | D:2      | Noticed a phantom
  1318 | D:2      | Learned a level 3 spell: Confusing Touch
  1362 | D:2      | Killed a phantom
  1363 | D:2      | Reached skill level 2 in Short Blades
  1363 | D:2      | Reached skill level 1 in Ice Magic
  1363 | D:2      | Reached XP level 4. HP: 27/32 MP: 4/7
  1554 | D:2      | Noticed Natasha
  1564 | D:2      | HP: 7/32 [Natasha (5)]
  1565 | D:2      | HP: 1/32 [Natasha/magic dart (7)]
  1565 | D:2      | Slain by a cerulean imp

Vanquished Creatures
  A phantom (D:2)
  3 adders (D:2)
  A dart slug (D:2)
  An orc (D:2)
  2 endoplasms
  A giant cockroach (D:2)
  7 goblins
  4 hobgoblins (D:1)
  2 quokkas (D:1)
  3 ball pythons (D:1)
  2 bats (D:2)
  3 frilled lizards (D:1)
  3 kobolds
  A rat (D:1)
34 creatures vanquished.

Table legend:
 A = Non-vault XP
 B = Vault XP
 C = Vault XP percentage of total XP
 D = Non-vault monster count
 E = Vault monster count
 F = Vault count percentage of total count
                 A         B        C        D         E       F
            +---------+---------+-------+---------+---------+-------
      Total |     188 |       2 |   1.1 |      33 |       1 |   2.9
            +---------+---------+-------+---------+---------+-------
        D:1 |      29 |       2 |   6.5 |      19 |       1 |   5.0
        D:2 |     159 |       0 |   0.0 |      14 |       0 |   0.0
            +---------+---------+-------+---------+---------+-------

Skill      XL: |  1  2  3 |
---------------+----------+-----
Short Blades   | 1 2 |  2.2
Stealth        | 3 |  3.6
Fighting       | 1 |  1.3
Ice Magic      | 1 |  1.1
Dodging        | |  1.7
Spellcasting   | |  2.4
Hexes          | |  3.3

Action                     |  1- 3 |  4- 6 || total
---------------------------+-------+-------++-------
  Melee: Dagger            |   127 |    15 ||   142
         Punch             |     1 |       ||     1
   Cast: Ensorcelled Hiber |     5 |     1 ||     6
         Confusing Touch   |     1 |       ||     1
    Use: Scroll            |     4 |       ||     4
         Potion            |     1 |       ||     1
   Stab: Sleeping          |     7 |     1 ||     8
         Confused          |     2 |       ||     2
 Armour: Robe              |    49 |    11 ||    60
  Dodge: Dodged            |    66 |     7 ||    73
  Block: Other             |    14 |     6 ||    20

Illustrated notes

Table legend:
 A = Kills in this place as a percentage of kills in the entire game.
 B = Kills by you in this place as a percentage of kills by you in the entire game.
 C = Kills by friends in this place as a percentage of kills by friends in the entire game.
 D = Other kills in this place as a percentage of other kills in the entire game.
 E = Experience gained in this place as a percentage of experience gained in the entire game.
 F = Experience gained in this place divided by the number of levels of this place that you have seen.
                   A       B       C       D       E      F
               +-------+-------+-------+-------+-------+----------------------
         Total | 100.0 | 100.0 |   N/A |   N/A | 100.0 |  95.0
       Dungeon | 100.0 | 100.0 |   N/A |   N/A | 100.0 |  95.0
               +-------+-------+-------+-------+-------+----------------------

Table legend: (Time is in decaauts)
 A = Elapsed time spent in this place.
 B = Non-inter-level travel time spent in this place.
 C = Inter-level travel time spent in this place.
 D = Time resting spent in this place.
 E = Time spent auto-exploring this place.
 F = Levels seen in this place.
 G = Mean time per level.
                   A        B        C        D        E       F      G
               +--------+--------+--------+--------+--------+-----+--------+
         Total |   1568 |   1542 |     26 |     45 |   1199 |   2 |  784.0 |
       Dungeon |   1568 |   1542 |     26 |     45 |   1199 |   2 |  784.0 |
               +--------+--------+--------+--------+--------+-----+--------+

Top non-repeatable levels by time:
     D:1: 845 daAuts
     D:2: 723 daAuts
